 Dungeon Crawl Stone Soup version 0.18.1-48-g4cf74bf (webtiles) character file.

7593 Inkary the Fighter (level 10, -1/102 (103) HPs)
             Began as a Minotaur Berserker on Sept 4, 2016.
             Was an Elder of Trog.
             Slain by an ice devil (21 damage)
             ... in an ice cave.
             The game lasted 00:18:42 (7498 turns).

Inkary the Fighter (Minotaur Berserker)             Turns: 7498, Time: 00:18:43

HP:   -1/102 (103)  AC: 17    Str: 21    XL:     10   Next: 97%
MP:   11/11         EV: 16    Int:  4    God:    Trog [****..]
Gold: 565           SH:  0    Dex: 14    Spells: 0 memorised, 9 levels left

rFire  . . .     SeeInvis .     y - +2 flail
rCold  . . .     Gourm    .     U - +0 chain mail
rNeg   + . .     Faith    .     (no shield)
rPois  .         Spirit   .     (helmet restricted)
rElec  .         Dismiss  +     z - +0 cloak
rCorr  .         Reflect  .     D - +1 pair of gloves
SustAt .         Harm     .     S - +0 pair of boots
MR     ++...                    K - amulet of dismissal
Stlth  ..........               h - ring of positive energy
                                P - +3 ring of evasion

@: regenerating, very resistant to hostile enchantments, extremely unstealthy
A: retaliatory headbutt, horns 2, robust 1
a: Berserk, Trog's Hand, Brothers in Arms, Burn Spellbooks, Renounce Religion


You were in an ice cave.
You worshipped Trog.
Trog was greatly pleased with you.
You were not hungry.

You visited 2 branches of the dungeon, and saw 12 of its levels.
You also visited: Ice Cave.

You collected 565 gold pieces.

Inventory:

Hand Weapons
 w - a +3 war axe of freezing
 y - a +2 flail (weapon)
 O - a +0 hand axe of venom
Armour
 z - a +0 cloak (worn)
 D - a +1 pair of gloves (worn)
 S - a +0 pair of boots (worn)
 U - a +0 chain mail (worn)
Jewellery
 b - an uncursed ring of see invisible
 h - a ring of positive energy (right hand)
 s - an uncursed ring of protection from fire
 t - an uncursed ring of flight
 K - an amulet of dismissal (around neck)
 L - an uncursed ring of sustain attributes
 P - a +3 ring of evasion (left hand)
Wands
 G - a wand of digging (16/24)
 H - a wand of random effects (19/48)
Scrolls
 a - a scroll of blinking {unknown}
 e - 6 scrolls of random uselessness {unknown}
 g - 2 scrolls of enchant weapon {unknown}
 i - 2 scrolls of recharging {unknown}
 j - 3 scrolls of magic mapping {unknown}
 k - 3 scrolls of enchant armour {unknown}
 l - a scroll of identify
 m - 3 scrolls of fog {unknown}
 o - 3 scrolls of fear {unknown}
 M - a scroll of torment
 N - a scroll of teleportation
 Q - 2 scrolls of silence {unknown}
Potions
 d - 2 potions of ambrosia
 p - a potion of resistance
 r - a potion of brilliance
 u - 3 potions of curing
 v - a potion of flight
 x - a potion of magic
 A - a potion of haste
 E - a potion of cancellation
 F - 2 potions of agility
 R - a potion of lignification
Books
 J - a book of Callings

   Spells                             Type                      Level
   a - Summon Small Mammal            Summoning                    1
   b - Call Imp                       Summoning                    2
   c - Call Canine Familiar           Summoning                    3
   d - Summon Guardian Golem          Hexes/Summoning              3
   e - Summon Lightning Spire         Summoning/Air                4
   f - Summon Ice Beast               Ice/Summoning                4
   Trog disapproves of the use of such an item.
Miscellaneous
 q - a plain deck of changes
 T - a lamp of fire
Comestibles
 c - 7 bread rations
 f - 2 meat rations
 n - 2 slices of pizza
 B - 30 fruits


   Skills:
 + Level 10.5 Fighting
   Level 5.3 Long Blades
 + Level 5.0(6.8) Axes
 - Level 7.2(7.9) Maces & Flails
 + Level 10.1 Armour
 + Level 9.4 Dodging
 + Level 3.3 Evocations


You had 9 spell levels left.
You didn't know any spells.

Dungeon Overview and Level Annotations

Branches:
Dungeon (11/15)            Temple (1/1) D:7            Lair (0/8) D:9
    Orc: D:9-12

Altars:
Ashenzari
Cheibriados
Dithmenos
Elyvilon
Fedhas
Gozag
Kikubaaqudgha
Makhleb
Nemelex Xobeh
Okawaru
Pakellas
Qazlal
Ru
Sif Muna
Trog
Vehumet
Xom
Yredelemnul
Zin
The Shining One

Annotations:
IceCv exclusion: 2 ice statues


Innate Abilities, Weirdness & Mutations

You reflexively headbutt those who attack you in melee.
You have a pair of horns on your head.
You are robust (+10% HP).


Message History

You headbutt the ice devil, but do no damage.
You barely miss the ice devil. Your headbutt misses the ice devil.
The ice devil is heavily wounded.
The ice beast hits you but does no damage.
Your chain mail prevents you from hitting the ice devil.
You headbutt the ice devil, but do no damage.
The ice devil is heavily wounded.
The ice beast completely misses you. You furiously retaliate!
You headbutt the ice beast! The ice devil closely misses you.
You closely miss the ice devil.
The ice devil is heavily wounded.
The ice beast barely misses you.
The ice devil hits you but does no damage.
The ice devil hits you. The ice devil freezes you!!
* * * LOW HITPOINT WARNING * * *
You are too injured to fight recklessly!
The ice devil hits you.
* * * LOW HITPOINT WARNING * * *
The ice devil freezes you!!
You die...

#...............
#...............
#.............#
#.............
#...........#
##8#.....#8##
##...## #Y44##
##@..# ##...#
#...## ##...##
##.....##
#...∩...#
#...∩...#
##.....##
##...##


You could see 2 ice devils and an ice beast.

Vanquished Creatures
  The ghost of rjaguar3 the Digger, a novice GrEE (D:7)
  A gargoyle (D:11)
  A centaur skeleton (D:9)
  8 yaks (D:10)
  Eustachio (D:6)
  2 hippogriffs
  A hungry ghost (D:10)
  Menkaure (D:7)
  A water moccasin (D:9)
  Duvessa (D:7)
  3 ice beasts
  2 sky beasts (D:8)
  2 black bears
  2 necrophages
  2 phantoms
  2 ogres
  5 centaurs
  A crocodile (D:9)
  A big kobold (D:8)
  5 giant frogs
  A gnoll sergeant (D:9)
  Dowan (D:7)
  2 scorpions
  6 killer bees (D:8)
  2 electric eels (D:8)
  13 wights
  4 crimson imps
  A giant frog zombie (D:5)
  4 jellies
  A giant frog skeleton (D:8)
  4 orc priests
  2 hounds (D:4)
  8 orc wizards
  2 iguanas
  Ijyb (D:3)
  Natasha (thrice) (D:3)
  5 worker ants
  A killer bee zombie (D:5)
  A worker ant zombie (D:8)
  9 gnolls
  6 adders
  2 shadow imps
  12 white imps (D:11)
  An ooze (D:3)
  An adder zombie (D:6)
  3 adder skeletons
  2 dart slugs
  3 giant geckos
  28 orcs
  A ball python (D:2)
  6 giant cockroaches
  9 goblins
  5 hobgoblins
  A quokka (D:2)
  11 bats
  A giant gecko skeleton (D:4)
  3 giant newts
  4 kobolds
  3 quokka skeletons
  8 rats
  6 fungi (D:9)
230 creatures vanquished.

Vanquished Creatures (others)
  A hobgoblin (D:1)
  3 fungi (D:9)
4 creatures vanquished.

Grand Total: 234 creatures vanquished

Notes
Turn   | Place    | Note
--------------------------------------------------------------
     0 | D:1      | Inkary the Minotaur Berserker began the quest for the Orb.
     0 | D:1      | Reached XP level 1. HP: 19/19 MP: 0/0
    56 | D:1      | Reached XP level 2. HP: 13/27 MP: 1/1
   780 | D:2      | Reached XP level 3. HP: 29/33 MP: 2/2
   800 | D:2      | Found a snail-covered altar of Cheibriados.
  1130 | D:2      | Reached ** piety under Trog
  1388 | D:3      | Noticed Ijyb
  1388 | D:3      | Noticed Natasha
  1394 | D:3      | Killed Natasha
  1394 | D:3      | Reached XP level 4. HP: 41/41 MP: 3/3
  1398 | D:3      | Killed Ijyb
  1426 | D:3      | Noticed Natasha
  1430 | D:3      | Killed Natasha
  1430 | D:3      | Reached XP level 5. HP: 37/47 MP: 4/4
  1946 | D:3      | Noticed Natasha
  1952 | D:3      | Killed Natasha
  2142 | D:4      | Reached skill level 5 in Fighting
  2238 | D:4      | Found an ancient bone altar of Kikubaaqudgha.
  2257 | D:4      | Reached *** piety under Trog
  2257 | D:4      | Reached XP level 6. HP: 41/56 MP: 5/5
  2277 | D:4      | Reached skill level 5 in Maces & Flails
  2539 | D:5      | Entered Level 5 of the Dungeon
  2658 | D:5      | Reached skill level 5 in Armour
  2700 | D:5      | Reached XP level 7. HP: 58/61 MP: 6/6
  2800 | D:5      | Reached skill level 5 in Dodging
  3005 | D:5      | Found a glowing golden altar of the Shining One.
  3198 | D:6      | Found a stormy altar of Qazlal.
  3331 | D:6      | Noticed Eustachio
  3345 | D:6      | Killed Eustachio
  3493 | D:6      | Reached XP level 8. HP: 71/71 MP: 7/7
  3584 | D:6      | Reached skill level 1 in Long Blades
  3975 | D:7      | Found a staircase to the Ecumenical Temple.
  4000 | Temple   | Entered the Ecumenical Temple
  4220 | D:7      | Noticed rjaguar3's ghost (novice GrEE)
  4230 | D:7      | Killed rjaguar3's ghost
  4374 | D:7      | Noticed Menkaure
  4379 | D:7      | Killed Menkaure
  4379 | D:7      | Reached XP level 9. HP: 78/81 MP: 8/8
  4448 | D:7      | Noticed Duvessa
  4449 | D:7      | Noticed Dowan
  4453 | D:7      | Killed Duvessa
  4455 | D:7      | Killed Dowan
  4706 | D:8      | Reached skill level 5 in Long Blades
  5032 | D:8      | Gained mutation: You are robust (+10% HP). [mutagenic meat]
  5406 | D:8      | Found a sparkling altar of Nemelex Xobeh.
  5878 | D:8      | Reached skill level 1 in Axes
  6045 | D:9      | Reached XP level 10. HP: 99/99 MP: 9/9
  6203 | D:9      | Found a staircase to the Lair.
  6403 | D:9      | Reached skill level 1 in Evocations
  6406 | D:9      | Reached **** piety under Trog
  6825 | D:10     | Entered Level 10 of the Dungeon
  6956 | D:10     | Reached skill level 10 in Fighting
  7149 | D:10     | Found Zisuil's Jewellery Shop.
  7247 | D:10     | Reached skill level 10 in Armour
  7424 | D:11     | Found a frozen archway.
  7427 | D:11     | Noticed a gargoyle
  7447 | D:11     | Killed a gargoyle
  7447 | D:11     | Reached skill level 5 in Axes
  7463 | IceCv    | Entered an ice cave
  7481 | IceCv    | Noticed an ice statue
  7481 | IceCv    | Noticed an ice statue
  7498 | IceCv    | Slain by an ice devil

Skill      XL: |  1  2  3  4  5  6  7  8  9 10 |
---------------+-------------------------------+-----
Fighting       | 4 5 6 7 9 10 | 10.5
Armour         | 3 4 5 6 7 9 10 | 10.1
Maces & Flails | 4 5 6 7 |  7.2
Dodging        | 3 4 5 6 8 9 |  9.4
Long Blades    | 4 5 |  5.3
Axes           | 1 5 |  5.0
Evocations     | 3 |  3.3

Action                   |  1- 3 |  4- 6 |  7- 9 | 10-12 || total
-------------------------+-------+-------+-------+-------++-------
Melee: Mace              |    54 |    95 |       |       ||   149
       Headbutt          |     7 |    23 |    59 |    45 ||   134
       Flail             |       |    20 |   105 |    33 ||   158
       Scimitar          |       |       |    90 |       ||    90
       Hand axe          |       |       |    33 |    39 ||    72
       War axe           |       |       |       |   128 ||   128
Invok: Berserk           |     1 |     2 |     5 |     1 ||     9
       Trog's Hand       |     1 |     1 |     6 |     4 ||    12
  Use: Scroll            |       |     6 |     2 |    13 ||    21
 Stab: Sleeping          |     1 |       |       |       ||     1
  Eat: Chunk             |     1 |     6 |    16 |     5 ||    28
       Royal jelly       |       |     1 |       |       ||     1
       Beef jerky        |       |       |     1 |       ||     1
       Meat ration       |       |       |       |     1 ||     1
       Pizza             |       |       |       |     1 ||     1
Armor: Animal skin       |     5 |       |       |       ||     5
       Scale mail        |     9 |    55 |    95 |    44 ||   203
       Chain mail        |       |       |       |    19 ||    19
Dodge: Dodged            |    43 |    76 |   174 |   179 ||   472
